 Dungeon Crawl Stone Soup version 0.20.0-8-g6b59dc7 (webtiles) character file.

613 Kosschaser the Chopper (level 7, -1/61 HPs)
             Began as a Hill Orc Abyssal Knight on June 1, 2017.
             Was a Priest of Lugonu.
             Slain by an orc wizard
             ... wielding a +0 dagger
              (3 damage)
             ... on level 4 of the Dungeon.
             The game lasted 00:09:37 (3360 turns).

Kosschaser the Chopper (Hill Orc Abyssal Knight)    Turns: 3360, Time: 00:09:38

Health: -1/61      AC:  4    Str: 20    XL:     7   Next: 44%
Magic:  8/8        EV: 12    Int: 12    God:    Lugonu [***...]
Gold:   96         SH:  0    Dex: 12    Spells: 6/6 levels left

rFire    . . .     SeeInvis .   a - +1 hand axe
rCold    . . .     Gourm    .   (no shield)
rNeg     . . .     Faith    .   b - +0 leather armour
rPois    .         Spirit   .   i - +0 helmet
rElec    .         Reflect  .   (no cloak)
rCorr    .         Harm     .   (no gloves)
MR       .....                  (no boots)
Stlth    +.........             f - amulet of regeneration
Regen    0.6/turn               x - +5 ring of strength
MPRegen  0.2/turn               (no ring)

@: confused
A: no striking features
a: Depart the Abyss, Bend Space, Banish, Renounce Religion


You were on level 4 of the Dungeon.
You worshipped Lugonu.
Lugonu was most pleased with you.
You were not hungry.

You visited 1 branch of the dungeon, and saw 4 of its levels.
You visited the Abyss 1 time.

You collected 96 gold pieces.

Inventory:

Hand Weapons
 a - a +1 hand axe (weapon)
Armour
 b - a +0 leather armour (worn)
 i - a +0 helmet (worn)
Jewellery
 f - an amulet of regeneration (around neck)
 x - a +5 ring of strength (left hand)
Wands
 t - a wand of iceblast (5/15)
Scrolls
 d - 3 scrolls of recharging {unknown}
 e - 3 scrolls of identify {unknown}
 k - a scroll of remove curse {unknown}
 m - a scroll of enchant weapon {unknown}
 n - 4 scrolls of immolation {unknown}
 p - a scroll of teleportation {unknown}
 v - 4 scrolls of blinking {unknown}
 y - a scroll of fear {unknown}
Potions
 g - 4 potions of heal wounds
 h - 3 potions of curing {unknown}
 l - a potion of invisibility {unknown}
 q - a potion of degeneration {unknown}
 s - a potion of might {unknown}
 u - a potion of flight {unknown}
 w - a potion of brilliance {unknown}
 z - a potion of mutation {unknown}
Comestibles
 c - 3 bread rations
 j - 3 meat rations
 o - a royal jelly
 r - 2 fruits
 A - 2 chunks of flesh


   Skills:
 + Level 5.5 Fighting
 + Level 7.7 Axes
 + Level 3.5 Armour
 + Level 2.5 Dodging
 + Level 2.6 Invocations


You had 6 spell levels left.
You didn't know any spells.

Dungeon Overview and Level Annotations

Branches:
Dungeon (4/15)
 Temple: D:4-7

Altars:
Dithmenos
Fedhas
Hepliaklqana

Annotations:
D:4 Grinder


Message History

Grinder gestures at you. Pain shoots through your body!
* * * LOW HITPOINT WARNING * * *
Something hits you but does no damage.
Grinder says, "Wait up."
Grinder gestures at you. Pain shoots through your body!
* * * LOW HITPOINT WARNING * * *
There is an open door here.
Unknown command.
You hit Grinder.
Grinder is lightly wounded.
You closely miss something. You hit something. Something hits you.
* * * LOW HITPOINT WARNING * * *
Something hits you but does no damage. Grinder closely misses you.
Grinder blinks!
You miss something. Something hits you.
* * * LOW HITPOINT WARNING * * *
Something hits you.
You die...

(....###### _PP.
####.(.5......
PPP...#..#..........
P.P...#..#..........
+###+##..... ##.#..)$......
..........#####.###'##.....
..........#.......{..# ...
..........#......{...# .
..........#.....@....+
..........#.........>#
>.........##'#########
#.....................
#.....................
#.................<...
#.....................
#.....................
+.........############


There were no monsters in sight!

Vanquished Creatures
  The ghost of Dragoran the Chopper, an amateur HOCK of Xom (D:4)
  An orc priest (D:3)
  2 orc wizards (D:3)
  Ijyb (D:3)
  2 worker ants (D:4)
  Robin (D:2)
  A gnoll (D:2)
  7 adders
  An ooze (D:2)
  An adder skeleton (D:4)
  3 dart slugs
  4 leopard geckos
  15 orcs
  3 ball pythons
  6 giant cockroaches
  18 goblins
  8 hobgoblins
  9 jackals
  6 kobolds
  2 quokkas
  8 bats
  8 frilled lizards
  11 rats
119 creatures vanquished.

Notes
Turn   | Place    | Note
-------+----------+-------------------------------------------
     0 | Abyss:1  | Kosschaser the Hill Orc Abyssal Knight began the quest for the Orb.
     0 | Abyss:1  | Reached XP level 1. HP: 19/19 MP: 2/2
    34 | Abyss:1  | Noticed a starcursed mass
    35 | D:1      | Escaped the Abyss
    96 | D:1      | Reached * piety under Lugonu
   171 | D:1      | Reached XP level 2. HP: 23/27 MP: 3/3
   238 | D:1      | Reached skill level 3 in Axes
   377 | D:1      | Reached skill level 1 in Dodging
   381 | D:1      | Reached XP level 3. HP: 33/33 MP: 4/4
   809 | D:2      | Found a hazy altar of Hepliaklqana.
   886 | D:2      | Noticed Robin
   904 | D:2      | Killed Robin
   908 | D:2      | Reached ** piety under Lugonu
   909 | D:2      | Reached XP level 4. HP: 41/41 MP: 5/5
  1057 | D:2      | Reached skill level 4 in Axes
  1215 | D:2      | Reached XP level 5. HP: 47/47 MP: 6/6
  1543 | D:2      | Found a shadowy altar of Dithmenos.
  1748 | D:3      | Reached skill level 5 in Axes
  1963 | D:3      | Reached *** piety under Lugonu
  2292 | D:3      | Noticed Ijyb
  2408 | D:3      | Killed Ijyb
  2408 | D:3      | Reached skill level 6 in Axes
  2408 | D:3      | Reached XP level 6. HP: 53/55 MP: 7/7
  2666 | D:3      | Reached skill level 5 in Fighting
  2862 | D:4      | Noticed Dragoran's ghost (amateur HOCK)
  3091 | D:4      | Killed Dragoran's ghost
  3091 | D:4      | Reached skill level 7 in Axes
  3091 | D:4      | Reached XP level 7. HP: 19/61 MP: 8/8
  3279 | D:4      | Found a blossoming altar of Fedhas.
  3342 | D:4      | Noticed Grinder
  3355 | D:4      | HP: 3/61 [something (1)]
  3358 | D:4      | HP: 1/61 [something (4)]
  3360 | D:4      | Slain by an orc wizard

Skill      XL: |  1  2  3  4  5  6 |
---------------+-------------------+-----
Fighting       | 4 5 |  5.5
Axes           | 3 4 6 7 |  7.7
Dodging        | 1 2 |  2.5
Armour         | 3 |  3.5
Invocations    | |  2.6

Action                   |  1- 3 |  4- 6 |  7- 9 || total
-------------------------+-------+-------+-------++-------
Melee: Hand axe          |   125 |   338 |    33 ||   496
       Unarmed           |       |    12 |       ||    12
Invok: Depart the Abyss  |     1 |       |       ||     1
  Eat: Chunk             |       |     7 |     2 ||     9
Armor: Leather armour    |    40 |    74 |    10 ||   124
Dodge: Dodged            |    80 |   188 |    15 ||   283
